 Dungeon Crawl Stone Soup version 0.18-a0-1426-g3b9a63c (webtiles) character file.

123 chei the Magician (level 5, 43/45 HPs)
             Began as a Naga Wizard on Feb 27, 2016.
             Was an Initiate of Gozag.
             Quit the game on level 2 of the Dungeon.
             The game lasted 00:07:26 (3667 turns).

chei the Magician (Naga Wizard)                     Turns: 3667, Time: 00:07:26

Health: 43/45      AC:  3    Str:  9    XL:     5   Next: 7%
Magic:  10/10      EV: 10    Int: 19    God:    Gozag
Gold:   128        SH:  0    Dex: 10    Spells: 4 memorised, 2 levels left

rFire  . . .     SeeInvis +     l - +1 short sword (holy)
rCold  . . .     Gourm    .     a - +0 robe
rNeg   . . .     Faith    .     (no shield)
rPois  +         Spirit   .     b - +0 hat
rElec  .         Dismiss  .     h - +0 cloak
rCorr  .         Reflect  .     (no gloves)
SustAt .         Harm     .     (no barding)
MR     .....                    (no amulet)
Stlth  ++........               (no ring)
                                g - ring of wizardry

@: very slow, not resistant to hostile enchantments, unstealthy
A: see invisible, deformed body, poison resistance, slowness 2, slow metabolism
1, spit poison 2, AC +1
a: Spit Poison, Potion Petition, Call Merchant, Bribe Branch, Renounce Religion


You were on level 2 of the Dungeon.
You worshipped Gozag.
Gozag was noncommittal.
You were very hungry.

You visited 1 branch of the dungeon, and saw 2 of its levels.

You collected 128 gold pieces.

Inventory:

Hand Weapons
 l - a +1 short sword of holy wrath (weapon)
Armour
 a - a +0 robe (worn)
 b - a +0 hat (worn)
 h - a +0 cloak (worn)
 p - a +0 shield
Jewellery
 g - a ring of wizardry (left hand)
Wands
 q - a wand of paralysis (1/24)
Scrolls
 i - a scroll of magic mapping {unknown}
 k - 2 scrolls of enchant armour {unknown}
 m - a scroll of amnesia {unknown}
 o - a scroll of teleportation {unknown}
Potions
 e - a potion of ambrosia
 f - a potion of lignification {unknown}
 j - a potion of heal wounds
 r - a potion of curing
Books
 c - a book of Minor Magic

   Spells                             Type                      Level
   a - Magic Dart                     Conjuration                  1
   b - Blink                          Translocation                2
   c - Call Imp                       Summoning                    2
   d - Repel Missiles                 Charms/Air                   2
   e - Slow                           Hexes                        2
   f - Conjure Flame                  Conjuration/Fire             3
   g - Mephitic Cloud                 Conjuration/Poison/Air       3
Comestibles
 d - a bread ration
 n - 2 meat rations


   Skills:
 * Level 1.9 Fighting
 + Level 2.3 Dodging
 - Level 3.0 Stealth
 + Level 3.7 Spellcasting
 + Level 1.6 Conjurations
   Level 1.0 Summonings
 + Level 1.0 Translocations
 + Level 0.2 Fire Magic
 * Level 2.1 Poison Magic


You had 2 spell levels left.
You knew the following spells:

 Your Spells              Type           Power        Failure   Level  Hunger
a - Magic Dart            Conj           #...         4%          1    None
b - Mephitic Cloud        Conj/Pois/Air  #.......     12%         3    ###....
c - Blink                 Tloc           N/A          7%          2    ##.....
d - Conjure Flame         Conj/Fire      #.......     14%         3    ###....


Dungeon Overview and Level Annotations

Branches:
Dungeon (2/15)

Altars:
Gozag
Ru


Innate Abilities, Weirdness & Mutations

You cannot wear boots.
Your serpentine skin is tough (AC +1).
You have supernaturally acute eyesight.
Armour fits poorly on your strangely shaped body.
Your system is resistant to poisons.
You cover ground very slowly.
You have a slow metabolism.
You can spit poison.


Message History

You hit the goblin.
The goblin is severely wounded.
The goblin barely misses you.
A goblin is nearby!
You are feeling very hungry.
You hit the goblin.
You kill the goblin!
You now have 128 gold pieces (gained 8).
Key pressed, stopping explore.
No target in view!
Done exploring.
No target in view!
No target in view!
Done exploring.
No target in view!
Done exploring.
No target in view!
Done exploring.
No target in view!
Are you sure you want to abandon this character and quit the game? (Confirm with "yes".)

## #.# .## ### #.#
..## ##.###.#####
...####..........#
...'......>#.###.#
...####....#.# #.#
..## ##.#.#.# #.#
.## ###...# #.# ##
#.#####@# #
#.......#
#.####### #.# #
#.# ## #.# .# #.#
##########.#
...........#


There were no monsters in sight!

Vanquished Creatures
  5 adders (D:2)
  An ooze (D:1)
  A worm (D:2)
  2 dart slugs
  2 giant geckos
  A ball python (D:1)
  5 bats
  2 giant cockroaches (D:1)
  11 goblins
  4 hobgoblins
  9 jackals
  A giant newt (D:1)
  10 kobolds
  8 rats
62 creatures vanquished.

Notes
Turn   | Place    | Note
--------------------------------------------------------------
     0 | D:1      | chei the Naga Wizard began the quest for the Orb.
     0 | D:1      | Reached XP level 1. HP: 15/15 MP: 4/4
   518 | D:1      | Reached XP level 2. HP: 19/22 MP: 3/6
  1137 | D:1      | Reached XP level 3. HP: 26/30 MP: 8/8
  1179 | D:1      | Learned a level 3 spell: Mephitic Cloud
  1182 | D:1      | Learned a level 2 spell: Blink
  1433 | D:1      | Reached skill level 1 in Fighting
  1666 | D:2      | Reached skill level 1 in Poison Magic
  1666 | D:2      | Reached XP level 4. HP: 9/38 MP: 9/9
  2043 | D:2      | Learned a level 3 spell: Conjure Flame
  2943 | D:2      | Found a faded altar to an unknown god.
  3076 | D:2      | Became a worshipper of Gozag Ym Sagoz the Greedy
  3151 | D:2      | Found a sacrificial altar of Ru.
  3370 | D:2      | Reached XP level 5. HP: 32/45 MP: 10/10
  3667 | D:2      | Quit the game

Vault maps used:
D:1:      eino_arrival_tree_alley
D:2:      ecumenical_altar_1, hangedman_ru_absence

Skill      XL: |  1  2  3  4 |
---------------+-------------+-----
Dodging        | 2 |  2.3
Fighting       | 1 |  1.9
Poison Magic   | 1 2 |  2.1
Stealth        | |  3.0
Spellcasting   | |  3.7
Conjurations   | |  1.6
Summonings     | |  1.0
Translocations | |  1.0
Fire Magic     | |  0.2

Action                   |  1- 3 |  4- 6 || total
-------------------------+-------+-------++-------
Melee: Unarmed           |    12 |       ||    12
       Short sword       |    87 |   102 ||   189
       Mace              |     6 |       ||     6
 Cast: Magic Dart        |    50 |    11 ||    61
       Conjure Flame     |       |     2 ||     2
       Mephitic Cloud    |       |     2 ||     2
 Abil: Spit Poison       |     7 |     4 ||    11
  Use: Potion            |     2 |       ||     2
       Scroll            |       |     2 ||     2
 Stab: Sleeping          |     2 |     2 ||     4
  Eat: Chunk             |     1 |     5 ||     6
